AoeStats
← [KMNB] Bandeira

Lombardia

508903735Analyzed
3v3 RM · 8d ago on Sep 24, 2026· 44m 2s· 6 players
Game mode
Random Map
Map size
Normal (6 player)
Population
200
Speed
Normal
Resources
Standard
Victory
Conquest
Starting age
Dark Age
Ending age
Imperial Age
RankedLock teamsTeams togetherTeam positionsShared explorationLock speedFull tech treeHidden civsTurbo modeCheats
Victory
Defeat
🇦🇲 Cumans · Armenia
1619
+16
🇷🇺 Mongols · Russia
1595
+17
🇷🇺 Britons · Russia
1550
+19
🇧🇷 Varangians · Brazil
1664
-19
🇧🇷 Persians · Brazil
1626
-18
🇧🇷 Magyars · Brazil
1565
-15
SHell | FayLayt
11:03 Feudal Age
15:22 Castle Age
13:14 Horse Collar
13:51 Double-Bit Axe
14:49 Gold Mining
15:14 Fletching
16:50 Bow Saw
17:52 Heavy Plow
19:28 Bodkin Arrow
21:05 Wheelbarrow
22:16 Loom
23:27 Hand Cart
24:38 Ballistics
26:14 Husbandry
26:25 Bloodlines
26:32 Padded Archer Armor
27:31 Stone Mining
30:50 Imperial Age
30:47 Gold Shaft Mining
31:57 Thumb Ring
32:01 Bracer
33:02 Chemistry
33:25 Elite Mangudai
35:27 Leather Archer Armor
35:44 Parthian Tactics
36:52 Fortified Wall
38:24 Conscription
39:56 Town Watch
41:10 Caravan
42:53 Masonry
SHell | Gr8telle
4:53 Loom
11:29 Feudal Age
15:41 Castle Age
13:49 Double-Bit Axe
14:12 Horse Collar
18:30 Fletching
25:49 Bow Saw
28:38 Bodkin Arrow
28:55 Padded Archer Armor
33:28 Ballistics
33:17 Padded Archer Armor
35:38 Wheelbarrow
35:05 Heavy Plow
34:58 Gold Mining
34:58 Stone Mining
40:30 Imperial Age
39:11 Hand Cart
38:57 Scale Mail Armor
38:49 Pikeman
39:30 Squires
39:42 Forging
41:00 Chain Mail Armor
41:20 Iron Casting
40:51 Caravan
40:34 Halberdier
41:40 Fortified Wall
42:25 Plate Mail Armor
43:26 Two-Man Saw
42:47 Bracer
43:03 Leather Archer Armor
44:26 Conscription
SHell | ANDÃO
6:53 Loom
8:56 Feudal Age
12:58 Double-Bit Axe
19:13 Scale Barding Armor
20:18 Wheelbarrow
20:13 Horse Collar
21:33 Forging
22:13 Town Watch
26:05 Castle Age
25:02 Gold Mining
26:24 Light Cavalry
27:28 Chain Barding Armor
28:08 Gold Shaft Mining
27:45 Bow Saw
32:33 Bloodlines
35:21 Heavy Plow
40:17 Imperial Age
38:37 Hand Cart
39:13 Iron Casting
39:12 Caravan
40:47 Coinage
40:27 Cavalier
41:30 Conscription
41:51 Plate Barding Armor
42:34 Two-Man Saw
41:33 Stone Mining
42:17 Paladin
44:21 Blast Furnace
43:42 Fletching
44:40 Cuman Mercenaries
Fs.Khan op
9:27 Feudal Age
10:02 Double-Bit Axe
10:56 Horse Collar
18:53 Castle Age
17:57 Bloodlines
19:55 Wheelbarrow
19:06 Light Cavalry
20:39 Heavy Plow
20:50 Bow Saw
24:04 Scale Barding Armor
24:05 Loom
24:25 Husbandry
25:15 Chain Barding Armor
28:23 Gold Mining
31:00 Hand Cart
33:05 Gold Shaft Mining
37:26 Imperial Age
37:32 Hussar
38:59 Plate Barding Armor
37:46 Cavalier
40:57 Two-Man Saw
43:22 Two-Man Saw
Fs.Khronos
9:23 Feudal Age
9:54 Double-Bit Axe
12:43 Fletching
21:26 Castle Age
19:45 Padded Archer Armor
22:05 Bodkin Arrow
22:26 Leather Archer Armor
21:33 Crossbowman
23:20 Bow Saw
23:05 Loom
23:03 Horse Collar
28:05 Ballistics
33:13 Husbandry
34:28 Heavy Plow
35:07 Wheelbarrow
35:13 Bloodlines
[KMNB] Bandeira
6:34 Loom
8:47 Feudal Age
9:50 Double-Bit Axe
15:10 Horse Collar
16:47 Forging
18:32 Wheelbarrow
21:36 Castle Age
21:18 Bloodlines
21:34 Scale Barding Armor
21:22 Gold Mining
22:07 Husbandry
22:35 Bow Saw
22:49 Heavy Plow
24:22 Chain Barding Armor
29:20 Iron Casting
36:59 Imperial Age
37:17 Hand Cart
36:51 Cavalier
38:39 Plate Barding Armor
39:05 Blast Furnace
39:37 Savar
41:25 Fletching
41:58 Conscription
41:36 Light Cavalry
41:45 Light Cavalry
42:48 Hussar
Connection lost

Rejoining the realm…

Still unreachable

The connection could not be restored.

Session expired

The server has moved on; the page needs a fresh start.